 Dungeon Crawl Stone Soup version 0.24.0-125-gc4c63601f3 (webtiles) character file.

Game seed: 385980334971638077, levelgen mode: deterministic

14 Descartes the Skirmisher (level 2, -1/16 HPs)
             Began as a Felid Wanderer on Feb 27, 2020.
             Slain by a hobgoblin
             ... wielding a +0 club
              (4 damage)
             ... on level 2 of the Dungeon.
             The game lasted 00:01:07 (859 turns).

Descartes the Skirmisher (Felid Wanderer)            Turns: 859, Time: 00:01:07

Health: -1/16      AC:  1    Str:  6    XL:     2   Next: 27%
Magic:  3/3        EV: 16    Int: 12    God:
Gold:   42         SH:  0    Dex: 18    Spells: 1/1 levels left
                                        Lives:  0   Deaths: 0

rFire    . . .     SeeInvis +     - Unarmed
rCold    . . .     Gourm    .   (shield unavailable)
rNeg     . . .     Faith    .   (armour unavailable)
rPois    .         Spirit   .   (helmet unavailable)
rElec    .         Reflect  .   (cloak unavailable)
rCorr    .         Harm     .   (gloves unavailable)
MR       .....                  (boots unavailable)
Stlth    +++.......             (no amulet)
HPRegen  0.05/turn              (no ring)
MPRegen  0.08/turn              (no ring)

@: quick
A: very small, no armour, no weapons or thrown items, stealth, claws 1, fangs 3,
see invisible, carnivore, speed 1, shaggy fur 1, slow metabolism 1, sharp paws
a: no special abilities


You were on level 2 of the Dungeon.
You were not hungry.

You visited 1 branch of the dungeon, and saw 2 of its levels.

You collected 42 gold pieces.

Inventory:

Missiles
 j - 45 stones
 k - 38 arrows
Jewellery
 f - an uncursed ring of positive energy {unknown}
Scrolls
 b - a scroll of fear
 i - a scroll of blinking {unknown}
 l - a scroll of identify {unknown}
Potions
 a - a potion of berserk rage
 c - 2 potions of lignification
 e - a potion of cancellation {unknown}
 g - a potion of brilliance {unknown}
 h - a potion of curing {unknown}
 m - 2 potions of flight {unknown}
Comestibles
 d - 3 rations


   Skills:
 + Level 5.1 Fighting
 + Level 1.0 Dodging
 + Level 3.0 Stealth
 * Level 2.4 Unarmed Combat
   Level 1.1 Evocations


You had one spell level left.
You didn't know any spells.
Your spell library was empty.

Dungeon Overview and Level Annotations

Branches:
Dungeon (2/15)

Altars:


Innate Abilities, Weirdness & Mutations

You cannot wear armour.
You are incapable of wielding weapons or throwing items.
Your paws allow you to move quietly. (Stealth)
You have sharp claws.
You have razor-sharp teeth.
You have supernaturally acute eyesight. (SInv)
You are carnivorous and can eat meat at any time.
You cover ground quickly.
You are covered in fur. (AC +1)
You have a slow metabolism.
Your sharp claws are effective at attacking unaware monsters.


Message History

The hobgoblin throws a stone.
The stone hits you.
The frilled lizard moves out of view.
You see here a stone.
The hobgoblin throws a stone.
The stone hits you.
You see here a stone.
The hobgoblin throws a stone.
The stone hits you.
You see here a stone.
You are too injured to fight recklessly!
You are too injured to fight recklessly!
You are too injured to fight recklessly!
The hobgoblin throws a stone.
The stone closely misses you.
You are too injured to fight recklessly!
You are too injured to fight recklessly!
The hobgoblin hits you with a +0 club.
* * * LOW HITPOINT WARNING * * *
The leopard gecko hisses angrily.
You scratch the hobgoblin.
The hobgoblin is lightly wounded.
The hobgoblin hits you with a +0 club.
You die...

.# ##.##
#.#.##.#..# .#
#.# #.#.##.#..#
.# #.#
#.#....#..# .# #+
#.#..###..# .#
#.#..###..# .# .
#.#.......# .#
... #....((..##
.####
.....####((.#####
....+
.....'g@....(#
...##
....l####...##
#.## ... ##..#
#.# . ##.# .# #.#
.# ... ..##


You could see a leopard gecko and a hobgoblin.

Vanquished Creatures
  An ooze (D:1)
  A giant cockroach (D:1)
  3 goblins
  A hobgoblin (D:1)
  A ball python (D:1)
  A frilled lizard (D:2)
  2 kobolds (D:1)
10 creatures vanquished.

Notes
Turn   | Place    | Note
-------+----------+-------------------------------------------
     0 | D:1      | Descartes the Felid Wanderer began the quest for the Orb.
     0 | D:1      | Descartes set off with the following items: a potion of
                  | berserk rage, a scroll of fear, 2 potions of lignification,
                  | a ration
     0 | D:1      | Reached XP level 1. HP: 12/12 MP: 2/2
   432 | D:1      | Reached XP level 2. HP: 16/16 MP: 3/3
   753 | D:2      | Reached skill level 1 in Dodging
   859 | D:2      | Slain by a hobgoblin

Levels and vault maps discovered:
D:1:      dpeg_arrival_long_road, layout_basic, corner_web_ring
D:2:      cheibrodos_greedy_goblins, layout_loops_corners, first_ration,
          yredelemnul_altar_generic

Skill      XL: |  1  2 |
---------------+-------+-----
Stealth        | 3 |  3.0
Dodging        | 1 |  1.0
Fighting       | |  5.1
Unarmed Combat | |  2.4
Evocations     | |  1.1

Action                   || total
-------------------------++-------
Melee: Unarmed           ||    24
       Bite              ||     1
 Stab: Sleeping          ||     3
  Eat: Chunk             ||     2
Armor: Skin              ||     1
Dodge: Dodged            ||    12
